 Dungeon Crawl Stone Soup version 0.17-a0-1635-gd4e48f1 (webtiles) character file.

88 ololoev the Ducker (level 4, 5/22 HPs)
             Began as a Spriggan Warper on Aug 4, 2015.
             Quit the game on level 2 of the Dungeon.
             The game lasted 00:09:11 (4203 turns).

ololoev the Ducker (Spriggan Warper)                Turns: 4203, Time: 00:09:11

Health: 5/22       AC:  2    Str:  7    XL:     4   Next: 30%
Magic:  3/9        EV: 19    Int: 18    God:
Gold:   86         SH:  0    Dex: 15    Spells: 3 memorised, 2 levels left

rFire  . . .     SeeInvis +     i - -2 dagger (curse)
rCold  . . .     Clarity  .     b - +0 robe
rNeg   . . .     SustAt   +     (shield restricted)
rPois  .         Gourm    .     (helmet restricted)
rElec  .         Spirit   .     (no cloak)
rCorr  .         Warding  .     (gloves unavailable)
rMut   .         Stasis   .     (boots unavailable)
MR     .....                    (no amulet)
Stlth  +++.......               h - +3 ring of intelligence
                                m - ring of sustain attributes

@: very quick, not resistant to hostile enchantments, fairly stealthy
A: unfitting armour, see invisible, herbivore 3, speed 3, slow metabolism 2
a: no special abilities


Innate Abilities, Weirdness & Mutations

You are tiny and cannot use many weapons and most armour.
You have supernaturally acute eyesight.
You are a herbivore.
You cover ground extremely quickly.
You need consume almost no food.

Inventory:

Hand weapons
 a - a +0 short sword
 i - a cursed -2 dagger (weapon)
Missiles
 e - 5 tomahawks of dispersal (quivered)
Armour
 b - a +0 robe (worn)
Jewellery
 h - a +3 ring of intelligence (right hand)
 m - a ring of sustain attributes (left hand)
Scrolls
 d - a scroll of blinking
 j - a scroll of teleportation
 l - 3 scrolls of identify
 n - a scroll of enchant weapon {unknown}
Potions
 g - a potion of flight
Books
 c - a book of Spatial Translocations

   Spells                             Type                      Level
   a - Apportation                    Translocation                1
   b - Blink                          Translocation                2
   c - Shroud of Golubria             Charms/Translocation         2
   d - Portal Projectile              Translocation                3
   e - Teleport Other                 Translocation                3
   f - Passage of Golubria            Translocation                4
Comestibles
 f - a bread ration
 k - a slice of pizza


   Skills:
 - Level 1.5 Fighting
 * Level 3.7 Short Blades
 - Level 1.2 Throwing
 + Level 4.5 Dodging
 + Level 3.2 Stealth
 - Level 2.6 Spellcasting
 - Level 4.4 Translocations


You had 2 spell levels left.
You knew the following spells:

 Your Spells              Type           Power        Failure   Level  Hunger
a - Apportation           Tloc           ###.......   2%          1    #......
b - Blink                 Tloc           N/A          4%          2    ##.....
c - Teleport Other        Tloc           ###.....     10%         3    ###....


You were on level 2 of the Dungeon.
You were not hungry.

You visited 1 branch of the dungeon, and saw 2 of its levels.

You collected 86 gold pieces.

#.# ##.# #...# #........## #.
###.###..# #...# ####...<.####.
..#.....## #...# #.......###
#.####.#######...######.##.##.# #
#.#....##.............#.##.##.###
..†.#......................##.#..
#.#.<..##.............#.##.##.#.#
#.####.#######...######.......#.#
.......# #..@# #.##(#.##.#
##.##### #..w# #.##.#..[.. #.#
#...# #.#..#.##.# ##.# #...#
#.#..#.##.# ...# ##.##
#.#..#.##.. #### #. #.........#
.. ###.##.#.#. .#. #.....### #.#.
######.#.

Notes
Turn   | Place    | Note
--------------------------------------------------------------
     0 | D:1      | ololoev the Spriggan Warper began the quest for the Orb.
     0 | D:1      | Reached XP level 1. HP: 10/10 MP: 5/5
   384 | D:1      | Reached XP level 2. HP: 12/14 MP: 6/6
   488 | D:1      | Reached skill level 1 in Stealth
   898 | D:1      | Learned a level 2 spell: Blink
  1185 | D:1      | Noticed a centaur
  1780 | D:1      | Reached XP level 3. HP: 18/18 MP: 8/8
  3678 | D:2      | Reached XP level 4. HP: 22/22 MP: 9/9
  3683 | D:2      | Learned a level 3 spell: Teleport Other
  4203 | D:2      | Quit the game

Dungeon Overview and Level Annotations

Branches:
Dungeon (2/15)

Altars:


Message History

The worm is lightly wounded.
You hit the worm.
The worm is moderately wounded.
The worm bites you but does no damage.
You barely miss the worm.
The worm is moderately wounded.
You hit the worm but do no damage.
The worm is moderately wounded.
The worm bites you.
You are too injured to fight recklessly!
You are too injured to fight recklessly!
You hit the worm.
The worm is moderately wounded.
You hit the worm but do no damage.
The worm is moderately wounded.
You hit the worm but do no damage.
The worm is moderately wounded.
The worm misses you.
You hit the worm.
The worm is heavily wounded.
The worm misses you.
You hit the worm.
The worm is heavily wounded.
You hit the worm but do no damage.
The worm is heavily wounded.
The worm bites you.
You barely miss the worm.
The worm is heavily wounded.
Cast which spell? (? or * to list)
Aiming: Teleport Other
Press: ? - help, Shift-Dir - straight line, f - worm
Aim: a worm (heavily wounded, chance to defeat MR: 65%)
The worm struggles to resist.
Casting: Teleport Other
Confirm with . or Enter, or press ? or * to list all spells.
Aiming: Teleport Other
Press: ? - help, Shift-Dir - straight line, f/p - worm
Aim: a worm (moderately wounded, chance to defeat MR: 65%)
The worm struggles to resist.
Are you sure you want to abandon this character and quit the game? (Confirm with "yes".)

You could see a worm.

Vanquished Creatures
  2 adders (D:2)
  2 giant geckos (D:2)
  A ball python (D:1)
  3 giant cockroaches
  11 goblins
  9 hobgoblins
  12 jackals
  3 kobolds (D:1)
  A quokka (D:2)
  8 bats
  3 giant newts (D:1)
  9 rats
64 creatures vanquished.

Action                   |  1- 3 |  4- 6 || total
-------------------------+-------+-------++-------
Melee: Short sword       |    20 |       ||    20
       Dagger            |   419 |    65 ||   484
 Cast: Teleport Other    |       |     2 ||     2
  Use: Scroll            |     4 |       ||     4
       Potion            |     1 |       ||     1
 Stab: Sleeping          |     7 |     3 ||    10
       Distracted        |     1 |       ||     1
  Eat: Bread ration      |     1 |       ||     1

Vault maps used:
D:1:      minmay_arrival_arboretum_small
D:2:      wad_crossroads, minivault_19
